 Dungeon Crawl Stone Soup version 0.23-a0-703-gdf2d5e0 (webtiles) character file.

49603 XanderDroid the Severer (level 14, -5/129 HPs)
             Began as a Minotaur Berserker on Jan 13, 2019.
             Was the Champion of Trog.
             Succumbed to a swamp dragon's poison gas
             ... on level 6 of the Lair of Beasts.
             The game lasted 00:50:57 (14565 turns).

XanderDroid the Severer (Minotaur Berserker)       Turns: 14565, Time: 00:50:58

Health: -5/129     AC: 24    Str: 28    XL:     14   Next: 16%
Magic:  13/13      EV: 15    Int:  8    God:    Trog [******]
Gold:   1173       SH:  0    Dex: 16    Spells: 13/13 levels left

rFire    . . .     SeeInvis +   a - +2 executioner's axe (freeze)
rCold    + . .     Gourm    .   (shield currently unavailable)
rNeg     + + .     Faith    .   D - +4 plate armour {rN+}
rPois    .         Spirit   .   G - +1 hat of Mickaus {rElec rN+ Str+3 Dex+4}
rElec    +         Reflect  .   A - scarf {repulsion}
rCorr    .         Harm     .   w - +2 pair of gloves
MR       +....                  C - -2 pair of boots "Veilaz" {rElec rC+ Int+4}
Stlth    ..........             (no amulet)
HPRegen  0.31/turn              h - +6 ring of slaying
MPRegen  0.13/turn              (no ring)

@: lethally poisoned (-5 -> -89), repel missiles
A: retaliatory headbutt, horns 2, see invisible
a: Berserk, Trog's Hand, Brothers in Arms, Renounce Religion


You were on level 6 of the Lair of Beasts.
You worshipped Trog.
Trog was exalted by your worship.
You were hungry.

You visited 3 branches of the dungeon, and saw 18 of its levels.
You also visited: Gauntlet.

You collected 1173 gold pieces.

Inventory:

Hand Weapons
 a - a +2 executioner's axe of freezing (weapon)
 b - a +3 broad axe of flaming
Missiles
 r - 2 throwing nets (quivered)
Armour
 w - a +2 pair of gloves (worn)
 A - a scarf of repulsion (worn)
 C - the -2 pair of boots "Veilaz" (worn) {rElec rC+ Int+4}
   (You found it on level 9 of the Dungeon)

   It affects your intelligence (+4).
   It protects you from cold.
   It insulates you from electricity.
 D - a +4 plate armour of positive energy (worn)
 G - the +1 hat of Mickaus (worn) {rElec rN+ Str+3 Dex+4}
   (You found it in a Gauntlet)

   It affects your strength (+3).
   It affects your dexterity (+4).
   It insulates you from electricity.
   It protects you from negative energy.
Jewellery
 h - a +6 ring of slaying (left hand)
Wands
 k - a wand of iceblast (13)
 n - a wand of clouds (6)
 t - a wand of flame (57)
 H - a wand of digging (12)
Scrolls
 e - 8 scrolls of remove curse
 f - 2 scrolls of fog
 g - 2 scrolls of magic mapping
 i - 3 scrolls of identify
 m - 5 scrolls of teleportation
 o - a scroll of blinking
 v - a scroll of enchant weapon
 y - 6 scrolls of enchant armour
 E - a scroll of vulnerability {unknown}
 F - 2 scrolls of immolation
 J - a scroll of summoning {unknown}
 K - a scroll of acquirement {unknown}
 M - a scroll of silence {unknown}
Potions
 j - 2 potions of haste
 l - 7 potions of curing
 q - 2 potions of mutation
 s - 2 potions of ambrosia
 u - 4 potions of heal wounds
 x - 2 potions of resistance
 z - a potion of lignification
 B - 3 potions of might
 L - a potion of invisibility
 N - 2 potions of flight
Comestibles
 c - 34 rations
 d - 3 chunks of flesh


   Skills:
 + Level 13.5 Fighting
 * Level 17.9 Axes
 + Level 13.3 Armour
 + Level 12.3 Dodging


You had 13 spell levels left.
You didn't know any spells.
Your spell library was empty.

Dungeon Overview and Level Annotations

Branches:
Dungeon (11/15)            Temple (1/1) D:6            Lair (6/6) D:9
  Swamp (0/4) Lair:2        Snake (0/4) Lair:3          Orc (0/2) D:10
  Slime: Lair:5-6

Altars:
Ashenzari
Cheibriados
Dithmenos
Elyvilon
Fedhas
Gozag
Hepliaklqana
Kikubaaqudgha
Makhleb
Nemelex Xobeh
Okawaru
Qazlal
Ru
Sif Muna
Trog
Uskayaw
Vehumet
Wu Jian
Xom
Yredelemnul
Zin
The Shining One

Shops:
D:6 }   D:9 (

Annotations:
D:9 3 runed translucent doors
Lair:6 exclusion: 2 oklob plants


Innate Abilities, Weirdness & Mutations

You reflexively headbutt those who attack you in melee.
You have a pair of horns on your head.
You have supernaturally acute eyesight. (SInv)


Message History

You hold your ground!
Your unstable footing causes you to fumble your attack.
You are engulfed in poison gas.
You are more poisoned.
* * * LOW HITPOINT WARNING * * *
x2 You feel extremely sick.
The fire dragon bites you!
* * * LOW HITPOINT WARNING * * *
The fire dragon misses you. The fire dragon tramples you.
* * * LOW HITPOINT WARNING * * *
You stumble backwards!
The fire dragon bites you but does no damage.
The fire dragon claws you but does no damage.
The fire dragon tramples you but does no damage.
You barely miss the fire dragon. You headbutt the fire dragon.
The fire dragon is lightly wounded.
You slash the swamp dragon! You freeze the swamp dragon!
You kill the swamp dragon!
Trog accepts your kill.
You die...

..≈≈≈.! ♣≈≈.♣.
♣♣.≈≈≈..? ♣♣÷≈P..
♣.≈≈≈≈.$. ♣♣.P≈≈P.
♣.≈≈≈≈P♣♣♣♣.≈≈≈.♣♣
♣≈≈≈≈≈≈.♣♣P.≈♣♣≈≈♣
♣≈≈≈≈≈≈♣♣♣≈≈.P♣♣≈.
♣l≈≈≈..♣♣≈≈..♣♣♣≈≈
♣D≈≈≈P♣♣.:≈..♣.≈♣≈
♣@≈≈≈..♣♣♣≈..♣.P♣≈
♣♣.≈≈P♣♣≈≈.♣♣..♣♣♣
♣.≈≈≈≈≈..≈♣...♣♣≈
♣..P≈≈≈≈≈♣♣♣♣.♣♣.
♣♣..≈≈≈P♣♣ ♣♣♣[
♣♣♣♣♣♣♣♣ ###..
############ ##....
#.........P####....#
#.#.......P...#....#


You could see a fire dragon and a komodo dragon.

Vanquished Creatures
  Gastronok (D:9)
  A minotaur (Gauntlet)
  Fannar (D:10)
  4 hydras
  A centaur warrior (D:9)
  A two-headed ogre (D:9)
  Sonja (Lair:1)
  An unseen horror (D:11)
  A swamp dragon (Lair:6)
  A deep elf mage (D:9)
  2 necromancers (Gauntlet)
  A cyclops (D:9)
  A wolf spider (Lair:6)
  An elephant (shapeshifter) (Gauntlet)
  Joseph (D:9)
  9 elephants
  7 black mambas
  A guardian serpent (Lair:6)
  A centaur zombie (D:11)
  A torpor snail (Lair:4)
  12 spiny frogs
  4 rime drakes
  6 komodo dragons
  A queen bee (Lair:1)
  3 trolls
  A merfolk (D:10)
  Grinder (D:5)
  A polar bear (Lair:4)
  5 hornets
  9 blink frogs
  A hippogriff (Lair:3)
  2 redbacks (Lair:6)
  10 wyverns
  A yak (shapeshifter) (Gauntlet)
  Sigmund (D:2)
  28 yaks
  Grum (D:10)
  A wraith (D:9)
  2 basilisks
  A hog (shapeshifter) (Gauntlet)
  A chaos spawn (Gauntlet)
  A neqoxec (Gauntlet)
  A steam dragon (Lair:6)
  2 hungry ghosts
  3 nagas (Lair:3)
  Menkaure (D:4)
  2 acid dragons (Lair:6)
  6 porcupines
  20 water moccasins
  4 orc warriors
  2 swamp drakes (Lair:6)
  2 black bears
  4 phantoms
  An ice beast (D:8)
  3 sky beasts
  2 necrophages
  9 ogres
  11 wolves
  9 centaurs
  22 crocodiles
  4 big kobolds
  10 bullfrogs
  A gnoll sergeant (D:6)
  A water moccasin skeleton (D:9)
  A wyvern skeleton (D:11)
  19 killer bees (Lair:1)
  5 scorpions
  24 wights
  2 electric eels
  4 howler monkeys
  5 crimson imps
  A quasit (D:9)
  2 bullfrog skeletons
  6 orc priests
  5 centaur skeletons
  11 hounds
  12 orc wizards
  9 iguanas
  6 worker ants
  A hound zombie (D:5)
  3 hound skeletons
  Robin (D:2)
  3 howler monkey zombies
  7 gnolls
  13 adders
  A shadow imp (D:9)
  2 adder skeletons
  A dart slug (D:1)
  16 leopard geckos
  47 orcs
  4 bats
  3 giant cockroaches
  10 goblins
  6 hobgoblins
  2 jackals
  6 quokkas
  16 frilled lizards
  A jackal skeleton (D:4)
  26 kobolds
  2 leopard gecko skeletons (D:4)
  3 quokka skeletons
  3 rats
  9 fungi
  7 plants
556 creatures vanquished.

Vanquished Creatures (others)
  2 fungi (Lair:6)
  3 plants (Lair:6)
5 creatures vanquished.

Grand Total: 561 creatures vanquished

Notes
Turn   | Place    | Note
-------+----------+-------------------------------------------
     0 | D:1      | XanderDroid the Minotaur Berserker began the quest for the
                  | Orb.
     0 | D:1      | Reached XP level 1. HP: 19/19 MP: 0/0
   278 | D:1      | Reached XP level 2. HP: 25/27 MP: 1/1
   322 | D:1      | Reached skill level 4 in Axes
   745 | D:2      | Found a shattered altar of Ashenzari.
   749 | D:2      | Found a sparkling altar of Nemelex Xobeh.
   749 | D:2      | Found a deep blue altar of Sif Muna.
   749 | D:2      | Found a shimmering altar of Xom.
   750 | D:2      | Found a glowing silver altar of Zin.
   804 | D:2      | Reached XP level 3. HP: 30/33 MP: 2/2
   898 | D:2      | Noticed Robin
   902 | D:2      | Reached ** piety under Trog
   908 | D:2      | Killed Robin
   953 | D:2      | Found a basalt altar of Yredelemnul.
   953 | D:2      | Found a bloodstained altar of Trog.
   954 | D:2      | Found a sacrificial altar of Ru.
   956 | D:2      | Found a white marble altar of Elyvilon.
  1000 | D:2      | Noticed Sigmund
  1018 | D:2      | Killed Sigmund
  1018 | D:2      | Reached skill level 5 in Axes
  1018 | D:2      | Reached XP level 4. HP: 41/41 MP: 3/3
  1018 | D:2      | Reached XP level 5. HP: 47/47 MP: 4/4
  1288 | D:3      | Reached XP level 6. HP: 55/55 MP: 5/5
  1356 | D:3      | Reached skill level 6 in Axes
  1427 | D:3      | Reached skill level 5 in Fighting
  2005 | D:4      | Noticed Menkaure
  2011 | D:4      | Killed Menkaure
  2011 | D:4      | Reached XP level 7. HP: 61/61 MP: 6/6
  2064 | D:4      | Reached skill level 7 in Axes
  2482 | D:4      | Reached skill level 5 in Armour
  2672 | D:4      | Reached *** piety under Trog
  2932 | D:5      | Entered Level 5 of the Dungeon
  2933 | D:5      | Noticed Grinder
  2935 | D:5      | Paralysed by Grinder for 6 turns
  3004 | D:5      | Paralysed by Grinder for 5 turns
  3018 | D:5      | Paralysed by Grinder for 6 turns
  3280 | D:5      | Killed Grinder
  3280 | D:5      | Reached skill level 8 in Axes
  3280 | D:5      | Reached skill level 5 in Dodging
  3280 | D:5      | Reached XP level 8. HP: 62/70 MP: 7/7
  3656 | D:6      | Reached skill level 9 in Axes
  3671 | D:6      | Noticed a troll
  3681 | D:6      | Killed a troll
  3976 | D:6      | Found a staircase to the Ecumenical Temple.
  4010 | Temple   | Entered the Ecumenical Temple
  4411 | D:6      | Found a glowing golden altar of the Shining One.
  4451 | D:6      | Found Ytiriatt's Gadget Shop.
  4454 | D:6      | Reached XP level 9. HP: 79/79 MP: 8/8
  4730 | D:7      | Reached skill level 10 in Axes
  4768 | D:7      | Found a hazy altar of Hepliaklqana.
  4857 | D:7      | Reached **** piety under Trog
  5072 | D:7      | Reached skill level 11 in Axes
  5356 | D:7      | Reached XP level 10. HP: 45/90 MP: 9/9
  5699 | D:8      | Got a warped chain mail
  5708 | D:8      | Identified the +8 chain mail of Inquiry {rElec MP+9} (You
                  | found it on level 8 of the Dungeon)
  6373 | D:9      | Reached skill level 12 in Axes
  6388 | D:9      | Found Ziptaer's Weapon Shoppe.
  6396 | D:9      | Noticed Joseph
  6490 | D:9      | Killed Joseph
  6610 | D:9      | Noticed Gastronok
  6624 | D:9      | Killed Gastronok
  6648 | D:9      | Reached XP level 11. HP: 97/99 MP: 10/10
  6686 | D:9      | Found a runed translucent door.
  6686 | D:9      | Noticed a catoblepas
  6715 | D:9      | Reached skill level 13 in Axes
  6722 | D:9      | Noticed a skeletal warrior
  6723 | D:9      | Noticed a sphinx
  6725 | D:9      | Found a runed translucent door.
  6725 | D:9      | Found a runed translucent door.
  6820 | D:9      | Reached ***** piety under Trog
  6873 | D:9      | Reached skill level 10 in Fighting
  6896 | D:9      | Noticed a deep elf mage
  6900 | D:9      | Killed a deep elf mage
  6937 | D:9      | Noticed a two-headed ogre
  6945 | D:9      | Killed a two-headed ogre
  6995 | D:9      | Identified the +5 mace "Dragon's Tongue" {crush, MR+ Str+3
                  | Stlth+}
  7052 | D:9      | Reached skill level 10 in Armour
  7106 | D:9      | Got a pair of jewelled boots
  7142 | D:9      | Identified the cursed -2 pair of boots "Veilaz" {rElec rC+
                  | Int+4} (You found it on level 9 of the Dungeon)
  7180 | D:9      | Found a staircase to the Lair.
  7487 | D:9      | Noticed a centaur warrior
  7495 | D:9      | Killed a centaur warrior
  7566 | D:10     | Entered Level 10 of the Dungeon
  7567 | D:10     | Noticed Grum
  7574 | D:10     | Received a gift from Trog
  7576 | D:10     | Killed Grum
  7754 | D:10     | Reached skill level 14 in Axes
  7816 | D:10     | Found a staircase to the Orcish Mines.
  8085 | D:10     | Noticed Fannar
  8102 | D:10     | Killed Fannar
  8397 | D:11     | Killed an unseen horror
  8419 | D:11     | Reached skill level 10 in Dodging
  8420 | D:11     | Reached XP level 12. HP: 101/110 MP: 11/11
  8465 | D:11     | Found a sparkling altar of Nemelex Xobeh.
  8535 | D:11     | Found a gate leading to a gauntlet.
  8560 | Gauntlet | Entered a Gauntlet
  8560 | Gauntlet | Found a transporter.
  8560 | Gauntlet | Found a transporter.
  8594 | Gauntlet | Found a transporter.
  8604 | Gauntlet | Found a transporter.
  8625 | Gauntlet | Found a transporter.
  8630 | Gauntlet | Gained mutation: You have supernaturally acute eyesight.
                  | (SInv) [a neqoxec]
  8641 | Gauntlet | Got a faintly humming hat
  8649 | Gauntlet | Identified the +1 hat of Mickaus {rElec rN+ Str+3 Dex+4}
                  | (You found it in a Gauntlet)
  8682 | Gauntlet | Found a transporter.
  8717 | Gauntlet | Got a jewelled hat
  8719 | Gauntlet | Identified the +0 hat of the Evening {Str+4} (You found it
                  | in a Gauntlet)
  8794 | Gauntlet | Found a transporter.
  8794 | Gauntlet | Found a transporter.
  8829 | Gauntlet | Found a transporter.
  8840 | Gauntlet | Reached skill level 15 in Axes
  8882 | Gauntlet | Noticed a death yak
  8882 | Gauntlet | Noticed a death yak
  8883 | Gauntlet | Found a transporter.
  8952 | Gauntlet | Noticed a minotaur
  8958 | Gauntlet | Killed a minotaur
  8965 | Gauntlet | Identified Sif Muna's Guide on the Entourage
  8975 | Gauntlet | Got an ichor-stained flail
  8977 | Gauntlet | Identified the +2 flail "Woowizo" {flame, rN+} (You found
                  | it in a Gauntlet)
  9157 | Lair:1   | Entered Level 1 of the Lair of Beasts
  9170 | Lair:1   | Found a shimmering altar of Xom.
  9170 | Lair:1   | Noticed Sonja
  9857 | Lair:1   | Killed Sonja
 10368 | Lair:2   | Found a staircase to the Swamp.
 10413 | Lair:2   | Reached ****** piety under Trog
 10413 | Lair:2   | Received a gift from Trog
 10887 | Lair:3   | Noticed a five-headed hydra
 10897 | Lair:3   | Killed a five-headed hydra
 10897 | Lair:3   | Reached skill level 16 in Axes
 11078 | Lair:3   | Found a staircase to the Snake Pit.
 11260 | Lair:3   | Reached XP level 13. HP: 113/118 MP: 12/12
 12313 | Lair:5   | Received a gift from Trog
 12313 | Lair:5   | Reached skill level 17 in Axes
 13237 | Lair:6   | Entered Level 6 of the Lair of Beasts
 13980 | Lair:6   | Reached XP level 14. HP: 102/129 MP: 13/13
 14319 | Lair:6   | Received a gift from Trog
 14564 | Lair:6   | HP: 5/129 [fire dragon (9)]
 14565 | Lair:6   | Succumbed to a swamp dragon's poison gas

Vault maps used:
D:1:      dpeg_arrival_pits, dk_noncrumbling_4
D:2:      minitemple, grunt_temple_overflow_cloverleaf,
          minmay_goblin_kobold_house, uniq_robin, uniq_sigmund
D:4:      kennysheep_six_static_rooms, first_ration, uniq_menkaure
D:5:      uniq_grinder
D:6:      kennysheep_mini, lemuel_temple_firewalk_b, serial_shops,
          nicolae_shop_crystal
D:7:      marbit_many_paths
D:9:      minmay_the_grid_four_pointed_star, dpeg_oklobed_lair, serial_shops,
          nicolae_shop_waterfront, uniq_gastronok, uniq_joseph
D:10:     hiddenorc1_lemuel, hangedman_fish_farm, uniq_grum, uniq_fannar
D:11:     gauntlet_entry_generic, nemelex_xobeh_ov_fountains_minmay
Temple:   minmay_temple_curvy_loop
Lair:1:   special_room, basic_altar, uniq_sonja
Lair:2:   swamp_mist_pool
Lair:3:   minmay_snake_entry_guardpost_small, lemuel_fruit_tree
Lair:4:   lemuel_reptile_caves
Lair:5:   serial_bayou_lagoon_b, lemuel_fruit_fields
Lair:6:   hangedman_lair_tendril_chambers, guppyfry_lair_end_dragon,
          minmay_slime_entry_oklob_enclosed
Gauntlet: gammafunk_gauntlet_shortcut

Skill      XL: |  1  2  3  4  5  6  7  8  9 10 11 12 13 |
---------------+----------------------------------------+-----
Axes           | 4 5 6 8 9 11 12 14 16 17 | 17.9
Fighting       | 4 5 6 7 8 9 11 12 13 | 13.5
Armour         | 3 4 5 6 8 9 10 11 13 | 13.3
Dodging        | 3 4 5 6 7 8 10 11 12 | 12.3

Action                   |  1- 3 |  4- 6 |  7- 9 | 10-12 | 13-15 || total
-------------------------+-------+-------+-------+-------+-------++-------
Melee: Hand axe          |    48 |    57 |    23 |       |       ||   128
       Headbutt          |    10 |     9 |    32 |   100 |    65 ||   216
       War axe           |       |       |   163 |   180 |       ||   343
       Executioner's axe |       |       |       |   263 |   248 ||   511
       Mace              |       |       |       |     5 |     8 ||    13
Invok: Berserk           |     1 |     1 |     5 |     5 |       ||    12
       Trog's Hand       |     1 |       |     1 |     1 |       ||     3
  Use: Scroll            |       |     3 |     4 |    19 |     4 ||    30
  Eat: Chunk             |       |     5 |     9 |    27 |    11 ||    52
       Ration            |       |       |     2 |       |       ||     2
Armor: Animal skin       |     3 |       |       |       |       ||     3
       Ring mail         |     5 |       |       |       |       ||     5
       Chain mail        |    12 |    29 |    86 |    73 |       ||   200
       Plate armour      |       |       |       |   218 |   143 ||   361
Dodge: Dodged            |    18 |    25 |   112 |   293 |   247 ||   695
       Deflected         |       |       |       |     4 |     4 ||     8

Table legend:
 A = Non-vault XP
 B = Vault XP
 C = Vault XP percentage of total XP
 D = Non-vault monster count
 E = Vault monster count
 F = Vault count percentage of total count
                 A         B        C        D         E       F
            +---------+---------+-------+---------+---------+-------
      Total |   39503 |   31359 |  44.3 |     358 |     182 |  33.7
            +---------+---------+-------+---------+---------+-------
        D:1 |      23 |       0 |   0.0 |      12 |       0 |   0.0
        D:2 |      46 |     247 |  84.3 |      13 |      13 |  50.0
        D:3 |     182 |       0 |   0.0 |      21 |       0 |   0.0
        D:4 |     340 |     356 |  51.1 |      18 |       5 |  21.7
        D:5 |     621 |     281 |  31.2 |      16 |       1 |   5.9
        D:6 |    1201 |       0 |   0.0 |      22 |       0 |   0.0
        D:7 |    2325 |      67 |   2.8 |      43 |       1 |   2.3
        D:8 |    1347 |       0 |   0.0 |      29 |       0 |   0.0
        D:9 |    2759 |    6660 |  70.7 |      38 |      15 |  28.3
       D:10 |    1144 |    2056 |  64.2 |      18 |      22 |  55.0
       D:11 |    3004 |       0 |   0.0 |      30 |       0 |   0.0
     Lair:1 |    2632 |    2311 |  46.8 |      12 |      21 |  63.6
     Lair:2 |     829 |       0 |   0.0 |       7 |       0 |   0.0
     Lair:3 |    5000 |     495 |   9.0 |      21 |       3 |  12.5
     Lair:4 |    7679 |    1629 |  17.5 |      21 |      38 |  64.4
     Lair:5 |    6563 |       0 |   0.0 |      25 |       0 |   0.0
     Lair:6 |    3808 |   12525 |  76.7 |      12 |      46 |  79.3
   Gauntlet |       0 |    4732 | 100.0 |       0 |      17 | 100.0
            +---------+---------+-------+---------+---------+-------
